 Dungeon Crawl Stone Soup version 0.27.1-16-g815e20cd7a (webtiles) character file.

Game seed: 1117750454633295713

2 DenSaoPin the Chopper (level 1, 0/19 HPs)
             Began as a Hill Orc Monk on Nov 22, 2021.
             Succumbed to an adder's poison
             ... on level 2 of the Dungeon.
             The game lasted 00:00:40 (113 turns).

DenSaoPin the Chopper (Hill Orc Monk)                Turns: 113, Time: 00:00:41

Health: 0/19       AC:  2    Str: 13    XL:     1   Next: 30%
Magic:  1/1        EV: 12    Int: 10    God:
Gold:   0          SH:  0    Dex: 13    Spells: 0/0 levels left

rFire    . . .     SeeInvis .   a - +0 hand axe
rCold    . . .     Faith    .   (no shield)
rNeg     . . .     Spirit   .   b - +0 robe
rPois    .         Reflect  .   (no helmet)
rElec    .         Harm     .   (no cloak)
rCorr    .         Rampage  .   (no gloves)
Will     .....                  (no boots)
Stlth    ++........             (no amulet)
HPRegen  0.06/turn              (no ring)
MPRegen  0.07/turn              (no ring)

@: lethally poisoned (0 -> -1)
A: no striking features
a: no special abilities


You were on level 2 of the Dungeon.
You visited 1 branch of the dungeon, and saw 2 of its levels.

Inventory:

Hand Weapons
 a - a +0 hand axe (weapon)
Armour
 b - a +0 robe (worn)


   Skills:
 - Level 3.6 Fighting
 + Level 4.1 Axes
 + Level 0.3 Armour
 - Level 2.4 Dodging
 - Level 1.5 Stealth


You couldn't memorise any spells.
You didn't know any spells.
Your spell library was empty.

Dungeon Overview and Level Annotations

Branches:
Dungeon (1/15)

Altars:


Message History

Found a brass ring.
A giant cockroach comes into view.
You fall into a shaft and drop 1 floor!
The shaft crumbles and collapses.
No target in view!
An adder comes into view.
The adder hisses angrily.
You miss the adder. The adder barely misses you.
You hit the adder.
The adder is lightly wounded.
The adder bites you but does no damage. The adder bites you.
You hit the adder.
The adder is moderately wounded.
The adder barely misses you.
You hit the adder but do no damage.
The adder is moderately wounded.
The adder bites you.
You are poisoned.
The adder poisons you!
You closely miss the adder.
The adder is moderately wounded.
You feel sick. The adder bites you but does no damage.
The adder closely misses you.
You are too injured to fight recklessly!
You are too injured to fight recklessly!
You are too injured to fight recklessly!
You are too injured to fight recklessly!
You are too injured to fight recklessly!
You are too injured to fight recklessly!
You closely miss the adder.
The adder is moderately wounded.
You feel sick. The adder bites you.
* * * LOW HITPOINT WARNING * * *
You hit the adder.
The adder is severely wounded.
You feel sick. The adder barely misses you. The adder bites you.
* * * LOW HITPOINT WARNING * * *
You barely miss the adder.
The adder is severely wounded.
You die...

## ### ##.#
#.. .#...#
#.# ......#
#.#
.......##S#
........#@#
..........#
......#####
##...# ####


You could see an adder.

Vanquished Creatures
  A kobold (D:1)
  A rat (D:1)
2 creatures vanquished.

Notes
Turn   | Place    | Note
-------+----------+-------------------------------------------
     0 | D:1      | DenSaoPin the Hill Orc Monk began the quest for the Orb.
     0 | D:1      | Reached XP level 1. HP: 19/19 MP: 1/1
     2 | D:1      | Noticed a minotaur
     2 | D:1      | Noticed a djinni
     4 | D:1      | Noticed a vine stalker
     6 | D:1      | Noticed a demigod
     6 | D:1      | Noticed an ogre
     8 | D:1      | Noticed a palentonga
     8 | D:1      | Noticed a demonspawn
    10 | D:1      | Noticed a human
    10 | D:1      | Noticed a tengu
    12 | D:1      | Noticed a formicid
    12 | D:1      | Noticed a draconian
    14 | D:1      | Noticed an octopode
    14 | D:1      | Noticed a gargoyle
    16 | D:1      | Noticed a dwarf
    18 | D:1      | Noticed a troll
    18 | D:1      | Noticed a merfolk
    20 | D:1      | Noticed a vampire
    22 | D:1      | Noticed an elf
    22 | D:1      | Noticed a spriggan
    24 | D:1      | Noticed a naga
    24 | D:1      | Noticed a ghoul
    26 | D:1      | Noticed a barachi
    26 | D:1      | Noticed a felid
   102 | D:1      | You fall into a shaft and drop 1 floor!
   113 | D:2      | Succumbed to an adder's poison

Illustrated notes

Levels and vault maps discovered:
D:1:      kb_arrival_jail, layout_rooms, kennysheep_flooded_box,
          minmay_indecisive_spiral
D:2:      layout_loops_corners, shapermc_ecumenical_altar_petra, uniq_terence

Action                   || total
-------------------------++-------
Melee: Hand axe          ||    11
Armor: Robe              ||     2
Dodge: Dodged            ||     5
